 Dungeon Crawl Stone Soup version 0.19-a0-1732-g0b18a7b (webtiles) character file.

39735 4thArraOfDagon the Brawler (level 13, -1/131 HPs)
             Began as a Troll Monk on Sept 30, 2016.
             Was a High Priest of Ashenzari.
             Slain by a salamander
             ... wielding a +4 glaive
              (9 damage)
             ... on level 4 of the Snake Pit.
             The game lasted 00:42:19 (6935 turns).

4thArraOfDagon the Brawler (Troll Monk)             Turns: 6935, Time: 00:42:20

Health: -1/131     AC: 11    Str: 30      XL:     13   Next: 70%
Magic:  0/13       EV: 21    Int: 17 (18) God:    Ashenzari [*****.]
Gold:   309        SH:  0    Dex: 15 (16) Spells: 2 memorised, 12 levels left

rFire  . . .     SeeInvis +       - Unarmed
rCold  . . .     Gourm    +     g - +4 robe of Augmentation {Str+4 Int+4 Dex+4} (curse)
rNeg   . . .     Faith    +     (no shield)
rPois  +         Spirit   +     E - +2 hat {Spirit} (curse)
rElec  .         Dismiss  .     (no cloak)
rCorr  .         Reflect  .     (gloves unavailable)
MR     .....     Harm     .     (boots unavailable)
Stlth  ++........ Clarity  +    s - amulet of faith
                                m - ring "Reyzy" {Str+4 Int+4}
                                P - ring of poison resistance

@: no status effects
A: unfitting armour, claws 3, repulsion field 2, fast metabolism 3, gourmand,
regeneration 1, shaggy fur 1, tough skin 2, wild magic 1, MP-powered wands
a: Curse Item, Scrying, Transfer Knowledge, Renounce Religion


You were on level 4 of the Snake Pit.
You worshipped Ashenzari.
Ashenzari was extremely pleased with you.
You were not hungry.

You visited 6 branches of the dungeon, and saw 28 of its levels.

You collected 1063 gold pieces.
You spent 754 gold pieces at shops.

Inventory:

Hand Weapons
 f - a +1 giant spiked club
Armour
 a - a +1 robe
 g - the cursed +4 robe of Augmentation (worn) {Str+4 Int+4 Dex+4}
   (You found it on level 14 of the Dungeon)

   It affects your strength (+4).
   It affects your intelligence (+4).
   It affects your dexterity (+4).
   It has a curse placed upon it.
 E - a cursed +2 hat of spirit shield (worn)
Jewellery
 c - a +1 ring of protection
 m - the ring "Reyzy" (right claw) {Str+4 Int+4}
   (You bought it in a shop on level 1 of the Snake Pit)

   [ring of intelligence]

   It affects your strength (+4).
   It affects your intelligence (+4).
 s - an amulet of faith (around neck)
 P - a ring of poison resistance (left claw)
Wands
 j - a wand of paralysis (0/24)
 k - a wand of polymorph (11/24)
 n - a wand of lightning (6/15)
 o - a wand of random effects (1/48)
 C - a wand of slowing (15/48)
 D - a wand of digging (1/24)
 G - a wand of polymorph (10/24)
 K - a wand of confusion (13/48)
 M - a wand of lightning (5/15)
 N - a wand of lightning (7/15)
 R - a wand of slowing (11/48)
Scrolls
 h - 2 scrolls of enchant weapon
 i - 3 scrolls of teleportation
 p - 3 scrolls of magic mapping
 r - a scroll of recharging
 u - a scroll of noise
 z - 5 scrolls of remove curse
 A - a scroll of amnesia
 F - a scroll of random uselessness
 I - 4 scrolls of immolation
 J - 2 scrolls of enchant armour
 L - 3 scrolls of fear
 Q - a scroll of summoning
Potions
 e - 2 potions of ambrosia
 q - 2 potions of brilliance
 v - 2 potions of cure mutation
 x - 2 potions of curing
 B - 2 potions of heal wounds
 H - 2 potions of flight
 O - a potion of haste
 T - a potion of might
Miscellaneous
 t - a phial of floods
 y - a lamp of fire
Comestibles
 b - 9 bread rations
 d - a royal jelly
 l - a beef jerky
 w - 3 meat rations


   Skills:
 - Level 9.2 Fighting
 - Level 10.8(13.2) Dodging
 - Level 1.1(2.7) Stealth
 * Level 16.6 Unarmed Combat
 - Level 1.0 Spellcasting
 - Level 2.0 Translocations


You had 12 spell levels left.
You knew the following spells:

 Your Spells              Type           Power        Failure   Level  Hunger
a - Apportation           Tloc           ##........   17%         1    ##.....
b - Animate Skeleton      Necr           N/A          32%         1    ##.....


Dungeon Overview and Level Annotations

Branches:
Dungeon (14/15)            Temple (1/1) D:7            Lair (6/6) D:11
 Shoals (0/4) Lair:3        Snake (4/4) Lair:3        Slime (0/5) Lair:6
    Orc (2/2) D:10           Hell (1/1)
    Elf: Orc:2       Vaults: D:13-14        Dis: Hell:1         Geh: Hell:1
    Coc: Hell:1         Tar: Hell:1

Altars:
Ashenzari
Cheibriados
Dithmenos
Elyvilon
Fedhas
Gozag
Hepliaklqana
Kikubaaqudgha
Makhleb
Nemelex Xobeh
Okawaru
Qazlal
Ru
Sif Muna
Trog
Uskayaw
Vehumet
Yredelemnul
Zin
The Shining One
Beogh
Jiyva

Shops:
D:8 =??(   D:10 [   D:13 [   D:14 %   Snake:1 =}=

Portals:
Hell: Lair:6

Annotations:
D:11 Gruesome's ghost, journeyman NaIE
Lair:4 Snorg
Lair:6 exclusion: upstairs
Snake:2 Frances; Nikola
Snake:3 exclusion: upstairs
Orc:2 Saint Roka
Hell Geryon


Innate Abilities, Weirdness & Mutations

You are too large for most types of armour.
You have claws for hands.
Your metabolism is lightning-fast.
You like to eat raw meat.
Your natural rate of healing is unusually fast.
You are covered in fur. (AC +1)
You have very tough skin. (AC +2)
You are surrounded by a moderate repulsion field. (EV +3)
Your spells are a little harder to cast, but a little more powerful.
You expend magic power (3 MP) to strengthen your wands.


Message History

You mangle the shock serpent!!
You kill the shock serpent!
The air sparks with electricity, shocking you!
* * * LOW HITPOINT WARNING * * *
Unknown command.
Unknown command.
Unknown command.
Unknown command.
You mangle the naga!! You claw the naga.
You kill the naga!
You hear a shout!
Unknown command.
You eviscerate the salamander!!!
You claw the salamander, but do no damage.
The salamander is heavily wounded.
You hear a shout!
The salamander hits you with an enchanted glaive.
* * * LOW HITPOINT WARNING * * *
You are engulfed in flames!
You die...

#.........#
#.......##{{
{,......
#...N.....#
#######{.,,
,....(.
#.....N...# #N#
, , ......
#.........# #.#
, ......
#.........#
*#..# ......
..........#
*#.#.# ,......
,,, ,, ,,*
##.##.# ,......
, * * ##N###.#
*#.#### *
##.#@##.# ,*
######.###.#.#
#### ,** * *,
*#....{N..##..#
#.. , ,*
#..##''##..##.#*
#.# *#, , ,
*#...
##..#..###.# ,
#. , ,,*#....,
##....(...# * *
#. * * ,*#...##
,,###.##.#(# *,
#. , *#...#* *
,, #.# ##.# # *,
*, ...# {{* ,
,### #.# .# *


You could see a salamander.

Vanquished Creatures
  A hydra (Lair:6)
  A hell beast (Lair:6)
  A catoblepas (Lair:2)
  2 naga warriors (Snake:4)
  2 anacondas (Snake:3)
  4 shock serpents
  A tengu warrior (D:14)
  2 unseen horrors (D:13)
  3 hill giants
  A wizard (Lair:6)
  4 mana vipers
  An ugly thing (D:12)
  An orc knight (Orc:2)
  2 salamanders (Snake:3)
  2 manticores
  5 naga magi
  An elephant (Lair:6)
  11 black mambas
  2 centaur skeletons
  3 spiny frogs (Lair:6)
  2 orange demons (Lair:6)
  A rime drake (Lair:4)
  3 komodo dragons (Lair:6)
  3 kobold demonologists (D:14)
  4 ice devils (Lair:6)
  The ghost of 4thArraOfDagon the Ruffian, an amateur TrMo (D:7)
  2 red devils (Lair:6)
  A hellwing (Lair:6)
  A polar bear (Lair:6)
  A two-headed ogre (D:9)
  7 dream sheep (Lair:4)
  A hornet zombie (D:14)
  A slime creature (D:13)
  7 hippogriffs
  12 yaks
  A wraith (D:9)
  A shadow (D:11)
  A hungry ghost (D:7)
  3 wyverns
  6 wargs
  9 water moccasins
  12 nagas
  A hell hound (Lair:6)
  A soldier ant (D:10)
  2 porcupines
  7 orc warriors
  4 ice beasts
  3 ogres
  2 centaurs
  10 crocodiles
  A big kobold (D:10)
  11 bullfrogs
  A wyvern zombie (D:13)
  2 wyvern skeletons
  3 scorpions
  3 howler monkeys (D:8)
  7 wights
  4 hounds
  6 orc priests
  A bullfrog skeleton (D:5)
  7 jellies
  9 orc wizards
  5 iguanas
  7 worker ants
  A worker ant zombie (D:5)
  A howler monkey skeleton (D:10)
  10 adders
  A shadow imp (D:8)
  An ooze (D:2)
  An adder skeleton (D:8)
  A worm (D:2)
  A leopard gecko (D:9)
  26 orcs
  2 giant cockroaches
  3 jackals (D:9)
  6 kobolds
  3 quokkas
  2 goblins (D:1)
  A leopard gecko skeleton (D:7)
  A rat (D:3)
288 creatures vanquished.

Vanquished Creatures (collateral kills)
  3 centaurs (D:14)
  2 big kobolds (D:14)
  A kobold (D:14)
6 creatures vanquished.

Vanquished Creatures (others)
  2 orcs
  A kobold (D:11)
  7 fungi (Lair:6)
  3 plants (Lair:6)
13 creatures vanquished.

Grand Total: 307 creatures vanquished

Notes
Turn   | Place    | Note
-------+----------+-------------------------------------------
     0 | D:1      | 4thArraOfDagon the Troll Monk began the quest for the Orb.
     0 | D:1      | Reached XP level 1. HP: 22/22 MP: 0/0
    46 | D:2      | Reached XP level 2. HP: 29/29 MP: 1/1
    78 | D:2      | Reached skill level 4 in Unarmed Combat
    94 | D:3      | Found a stormy altar of Qazlal.
   184 | D:5      | Entered Level 5 of the Dungeon
   187 | D:5      | Reached XP level 3. HP: 28/36 MP: 2/2
   221 | D:5      | Reached skill level 5 in Unarmed Combat
   221 | D:5      | Reached XP level 4. HP: 37/44 MP: 3/3
   244 | D:6      | Gained mutation: Your spells are a little harder to cast, but a little more powerful. [potion of mutation]
   244 | D:6      | Gained mutation: You expend magic power (3 MP) to strengthen your wands. [potion of mutation]
   244 | D:6      | Gained mutation: You are surrounded by a mild repulsion field. (EV +2) [potion of mutation]
   302 | D:7      | Noticed an ogre
   308 | D:7      | Noticed 4thArraOfDagon's ghost (amateur TrMo)
   309 | D:7      | Killed an ogre
   309 | D:7      | Reached skill level 6 in Unarmed Combat
   309 | D:7      | Reached XP level 5. HP: 50/50 MP: 4/4
   327 | D:7      | Killed 4thArraOfDagon's ghost
   327 | D:7      | Reached skill level 7 in Unarmed Combat
   327 | D:7      | Reached XP level 6. HP: 18/59 MP: 5/5
   361 | D:7      | Noticed an orc warrior
   364 | D:7      | Noticed a hungry ghost
   379 | D:7      | Killed a hungry ghost
   379 | D:7      | Reached skill level 8 in Unarmed Combat
   379 | D:7      | Reached XP level 7. HP: 45/66 MP: 6/6
   411 | D:7      | Found a staircase to the Ecumenical Temple.
   421 | Temple   | Entered the Ecumenical Temple
   467 | Temple   | Became a worshipper of Ashenzari the Shackled
   467 | Temple   | Reached * piety under Ashenzari
   467 | Temple   | Reached ** piety under Ashenzari
   593 | D:8      | Reached skill level 9 in Unarmed Combat
   606 | D:8      | Noticed a wyvern
   617 | D:8      | Killed a wyvern
   637 | D:8      | Found Buan's Jewellery Boutique.
   643 | D:8      | Reached XP level 8. HP: 61/74 MP: 7/7
   786 | D:8      | Found Loum's Magic Scroll Shoppe.
   791 | D:8      | Bought a scroll of magic mapping for 35 gold pieces
   791 | D:8      | Bought a scroll of magic mapping for 35 gold pieces
   886 | D:10     | Entered Level 10 of the Dungeon
   898 | D:10     | Found a basalt altar of Yredelemnul.
   996 | D:11     | Reached skill level 10 in Unarmed Combat
  1021 | D:11     | Noticed a hill giant
  1092 | D:11     | Noticed Gruesome's ghost (journeyman NaIE)
  1291 | D:9      | Reached XP level 9. HP: 71/84 MP: 8/8
  1425 | D:10     | Found a staircase to the Orcish Mines.
  1478 | D:9      | Reached skill level 11 in Unarmed Combat
  1528 | D:10     | Found Ilack's Antique Armour Boutique.
  1616 | D:10     | Reached skill level 5 in Dodging
  1677 | D:10     | Reached skill level 5 in Fighting
  1793 | D:11     | Noticed a manticore
  1850 | D:11     | Reached *** piety under Ashenzari
  1874 | D:11     | Reached XP level 10. HP: 95/96 MP: 9/9
  1882 | D:11     | Reached skill level 12 in Unarmed Combat
  1914 | D:11     | Killed a hill giant
  2000 | D:12     | Noticed a deep elf mage
  2063 | D:13     | Found a viscous altar of Jiyva.
  2159 | D:13     | Noticed an unseen horror
  2172 | D:13     | Killed an unseen horror
  2200 | D:14     | Noticed a manticore
  2200 | D:14     | Noticed a tengu warrior
  2225 | D:13     | Noticed a hill giant
  2231 | D:13     | Killed a hill giant
  2231 | D:13     | Reached skill level 13 in Unarmed Combat
  2245 | D:13     | Noticed an unseen horror
  2253 | D:13     | Killed an unseen horror
  2345 | D:12     | Reached XP level 11. HP: 98/107 MP: 10/10
  2487 | D:12     | Noticed a white ugly thing
  2495 | D:12     | Killed a white ugly thing
  2870 | D:14     | Noticed a hill giant
  2879 | D:14     | Killed a hill giant
  2928 | D:14     | Found a shadowy altar of Dithmenos.
  3038 | D:14     | Reached skill level 14 in Unarmed Combat
  3064 | D:14     | Killed a tengu warrior
  3126 | D:14     | Noticed a deep elf mage
  3162 | D:14     | Found Rutic's Food Emporium.
  3274 | D:13     | Found Fosm's Armour Shoppe.
  3446 | Orc:1    | Entered Level 1 of the Orcish Mines
  3446 | Orc:1    | Noticed an orc knight
  3450 | Orc:2    | Entered Level 2 of the Orcish Mines
  3454 | Orc:2    | Killed an orc knight
  3534 | Orc:2    | Found a roughly hewn altar of Beogh.
  3549 | Orc:2    | Noticed Saint Roka
  3691 | D:8      | Found Oppirgha's Magic Scroll Emporium.
  3715 | D:8      | Bought a scroll of teleportation for 39 gold pieces
  3715 | D:8      | Bought a scroll of identify for 26 gold pieces
  3715 | D:8      | Bought a scroll of identify for 26 gold pieces
  3725 | D:8      | Found Zahal's Weapon Shoppe.
  3753 | D:8      | Reached **** piety under Ashenzari
  4103 | D:11     | Found a staircase to the Lair.
  4150 | Lair:1   | Entered Level 1 of the Lair of Beasts
  4161 | Lair:2   | Noticed a catoblepas
  4179 | Lair:2   | Killed a catoblepas
  4206 | Lair:2   | Found a snail-covered altar of Cheibriados.
  4265 | Lair:3   | Reached XP level 12. HP: 98/119 MP: 8/11
  4374 | Lair:3   | Found a staircase to the Snake Pit.
  4400 | Lair:3   | Found a staircase to the Shoals.
  4593 | Lair:4   | Reached skill level 15 in Unarmed Combat
  4618 | Lair:4   | Noticed Snorg
  4695 | Lair:6   | Entered Level 6 of the Lair of Beasts
  4695 | Lair:6   | Noticed an eight-headed hydra
  4714 | Lair:6   | Found a staircase to the Slime Pits.
  4714 | Lair:6   | Found a viscous altar of Jiyva.
  4718 | Lair:6   | Found a shattered altar of Ashenzari.
  4776 | Lair:5   | Noticed a five-headed hydra
  4910 | Lair:6   | Noticed a seven-headed hydra
  4939 | Lair:6   | Killed a seven-headed hydra
  4942 | Lair:6   | Noticed a five-headed hydra
  5025 | Lair:6   | Reached ***** piety under Ashenzari
  5161 | Lair:6   | Found a burning altar of Makhleb.
  5227 | Lair:6   | Noticed a dire elephant
  5317 | Lair:6   | Noticed a hell beast
  5329 | Lair:6   | Killed a hell beast
  5467 | Lair:6   | Reached skill level 16 in Unarmed Combat
  5504 | Lair:6   | Found a gateway to Hell.
  5537 | Hell     | Entered the Vestibule of Hell
  5537 | Hell     | Noticed Geryon
  5537 | Hell     | Noticed a reaper
  5537 | Hell     | Noticed a hell hog
  5537 | Hell     | Noticed a hell hog
  5537 | Hell     | Noticed a hell hog
  5537 | Hell     | Noticed a hell hog
  5585 | Lair:6   | Noticed a six-headed hydra
  5597 | Lair:5   | Found a burning altar of Makhleb.
  5799 | Snake:1  | Entered Level 1 of the Snake Pit
  5805 | Snake:1  | Learned a level 1 spell: Apportation
  5807 | Snake:1  | Learned a level 1 spell: Animate Skeleton
  5812 | Snake:1  | Reached XP level 13. HP: 131/131 MP: 12/12
  5974 | Snake:1  | Found Ushalium's Jewellery Boutique.
  5974 | Snake:1  | Found Veaci's Gadget Emporium.
  5975 | Snake:1  | Found Lyvuh's Jewellery Boutique.
  5988 | Snake:1  | Bought the ring "Reyzy" {Str+4 Int+4} for 593 gold pieces
  6046 | Snake:2  | Gained mutation: You have a pair of small horns on your head. [potion of mutation]
  6046 | Snake:2  | Lost mutation: You have a pair of small horns on your head. [potion of mutation]
  6046 | Snake:2  | Gained mutation: You are surrounded by a moderate repulsion field. (EV +3) [potion of mutation]
  6099 | Snake:2  | Noticed Nikola
  6138 | Snake:3  | Reached skill level 1 in Translocations
  6148 | Snake:2  | Noticed Frances
  6225 | Snake:3  | Reached skill level 1 in Spellcasting
  6411 | Snake:4  | Entered Level 4 of the Snake Pit
  6492 | Snake:4  | Reached skill level 10 in Dodging
  6498 | Snake:4  | Noticed a nagaraja
  6598 | Snake:4  | Noticed Mara
  6935 | Snake:4  | Slain by a salamander

Vault maps used:
D:1:      nicolae_arrival_somewhat_less_tricky_arrival
D:2:      kennysheep_the_goblin_king, grunt_gozag_breadcrumbs
D:3:      marbit_many_paths, nicolae_overflow_hidden_temple
D:5:      first_bread, uniq_blork_the_orc
D:7:      grunt_ogre_cave
D:8:      serial_shops, kennysheep_little_box, shop, shop, nicolae_shop_stone,
          feat_on_display
D:9:      minmay_misc_feat_hallway, st_stairs_9
D:10:     orc_0_dummy, basic_altar, serial_shops, shop_fountains
D:11:     erik_lair_orcish_takeover, nrook_loot_triangle, minmay_misc_feat_doors
D:12:     special_room, minivault_20, nooodl_orcs_dogs
D:13:     serial_shops, nicolae_shop_statue_plus, jiyva_altar_1
D:14:     david_vaults_5, serial_shops, nicolae_shop_trees,
          nrook_mini_backslash, grunt_dithmenos_smoke_and_mirrors
Temple:   compressed_dpeg_circular_temple
Lair:1:   minmay_lair_oklob_chamber, beast_lair_carwin_8
Lair:2:   basic_altar
Lair:3:   minmay_shoals_entry_beasts, minmay_snake_entry_guardpost_small,
          grunt_megastairs_2
Lair:4:   lemuel_fruit_fields, uniq_snorg, uniq_rupert
Lair:5:   basic_altar, serial_bayou_shore_a, infiniplex_staircase_pool_2
Lair:6:   evil_forest, slime_altar_1, basic_altar, infiniplex_staircase_pool,
          lemuel_fruit_tree
Snake:1:  minmay_shop_grove, uniq_agnes
Snake:2:  uniq_frances, uniq_aizul, uniq_nikola
Snake:3:  uniq_vashnia
Snake:4:  johnstein_snake_rune_scales, uniq_mara
Orc:1:    basic_altar, nicolae_for_you_no_charge, uniq_fannar
Orc:2:    grunt_orc_community_town_hall, grunt_orc_community_big_house_2,
          grunt_orc_community_big_house_1, grunt_orc_community_house_3,
          grunt_orc_community_house_2, grunt_orc_community_house_2,
          grunt_orc_community_house_2, grunt_orc_community_house_3,
          uniq_saint_roka

Skill      XL: |  1  2  3  4  5  6  7  8  9 10 11 12 13 |
---------------+----------------------------------------+-----
Unarmed Combat | 4 5 6 7 8 9 10 11 13 14 16 | 16.6
Dodging        | 3 4 5 6 7 9 10 | 10.8
Fighting       | 4 5 6 8 9 |  9.2
Translocations | 2 |  2.0
Spellcasting   | 1 |  1.0
Stealth        | |  1.1

Action                   |  1- 3 |  4- 6 |  7- 9 | 10-12 | 13-15 || total
-------------------------+-------+-------+-------+-------+-------++-------
Melee: Unarmed           |    37 |    33 |   236 |   554 |   159 ||  1019
       Punch             |       |     1 |     7 |    46 |    28 ||    82
Invok: Curse Item        |       |       |       |     2 |       ||     2
       Scrying           |       |       |       |     1 |       ||     1
Evoke: Wand              |       |       |     9 |    15 |     3 ||    27
       Lamp of fire      |       |       |       |     2 |       ||     2
       Phial of floods   |       |       |       |     2 |       ||     2
  Use: Scroll            |     2 |     2 |     5 |    13 |     3 ||    25
       Potion            |       |     3 |       |     2 |     2 ||     7
 Stab: Sleeping          |     2 |       |     2 |     1 |     2 ||     7
       Paralysed         |       |       |     8 |    11 |       ||    19
       Distracted        |       |       |       |     3 |       ||     3
       Petrified         |       |       |       |     2 |       ||     2
  Eat: Chunk             |     4 |       |    21 |    35 |    11 ||    71
Armor: Robe              |    13 |     4 |    51 |   100 |    19 ||   187
Dodge: Dodged            |    20 |    15 |   148 |   315 |    87 ||   585
